Map: Prion Terraces

Players

TOP

  • Race: Terran Terran

HyuN - Winner!

  • Race: Zerg Zerg

Event: Homestory Cup XII

VOD

Have the link to the VOD?

Description

Time

  • Played on: Dec. 19, 2015, 1 p.m.
  • Length: 9:14

All games in this series

Show
View Real Time Build Order
Export as new Build Order

TOP Terran 

Build Orders:  

Get SALT Encoding   

  12  0:00  SCV  
  13  0:13  SCV  
  14  0:18  Supply Depot  
  14  0:25  SCV  
  15  0:39  SCV  
  15  0:41  Barracks  
  16  0:44  Refinery  
  16  0:51  SCV  
  17  1:01  Barracks  
  18  1:04  SCV  
  18  1:16  SCV  
  19  1:28  Reaper, Orbital Command  
  20  1:36  Barracks  
  20  1:44  Supply Depot  
  20  1:50  Refinery  
  20  1:53  Reaper  
  21  1:57  SCV  
  22  2:05  Reaper  
  23  2:09  SCV  
  24  2:21  SCV  
  25  2:31  Reaper x2  
  25  2:35  SCV  
  25  2:36  Supply Depot  
  28  2:40  Reaper  
  29  2:53  Command Center  
  29  2:56  SCV  
  30  3:03  Reaper  
  30  3:05  Reaper  
  32  3:08  SCV  
  32  3:12  Reaper  
  34  3:15  Supply Depot  
  34  3:20  SCV  
  35  3:32  SCV  
  36  3:39  Reaper x2  
  35  3:44  SCV  
  36  3:50  Reaper  
  36  3:51  Command Center  
  37  3:56  SCV  
  38  4:06  Orbital Command  
  38  4:11  Reaper  
  38  4:12  Reaper  
  40  4:19  SCV  
  41  4:26  Barracks  
  41  4:27  Barracks  
  42  4:31  SCV  
  42  4:32  SCV  
  43  4:43  SCV, Factory  
  43  4:45  SCV  
  45  4:47  Reaper  
  45  4:49  Barracks Tech Lab  
  45  4:50  Reaper  
  47  4:55  SCV  
  47  4:57  SCV  
  49  5:07  SCV  
  49  5:09  SCV, Marauder  
  49  5:13  Orbital Command  
  52  5:24  SCV  
  52  5:25  Marine  
  52  5:28  Barracks Tech Lab x2  
  44  5:29  SCV  
  44  5:30  Marauder  
  44  5:35  Starport  
  47  5:37  SCV  
  47  5:39  SCV  
  47  5:40  Bunker  
  47  5:41  SCV  
  47  5:42  Refinery x2  
  50  5:44  Factory Reactor  
  50  5:45  Marine  
  50  5:48  Marine x2, Marauder  
  50  5:49  SCV  
  56  5:51  SCV  
  56  5:53  SCV  
  56  5:54  Marauder  
  60  6:01  SCV  
  60  6:03  Marine  
  60  6:04  SCV, Supply Depot  
  63  6:05  Supply Depot, SCV  
  64  6:13  SCV  
  64  6:16  SCV  
  64  6:17  SCV  
  67  6:19  Marine  
  67  6:20  Marauder, Marine  
  67  6:27  Marauder, Marine  
  67  6:29  Stimpack  
  70  6:37  Factory Tech Lab, Marine, Medivac x2  
  70  6:38  Marine  
  76  6:41  SCV x2, Marine  
  76  6:45  Marine  
  79  6:49  Marauder  
  81  6:54  SCV  
  81  6:58  Supply Depot, Engineering Bay  
  81  6:59  Supply Depot, Barracks Reactor  
  81  7:01  Engineering Bay  
  83  7:04  Barracks Tech Lab  
  83  7:06  Barracks Reactor, SCV  
  83  7:07  SCV  
  84  7:10  Marauder  
  84  7:12  Siege Tank  
  89  7:19  Command Center  
  89  7:23  Barracks  
  89  7:24  Barracks x2  
  89  7:25  Medivac x2  
  89  7:26  SCV x2  
  95  7:32  Marauder  
  95  7:36  Marauder, Marine x2  
  101  7:40  Marine  
  103  7:46  Siege Tank  
  105  7:52  Marine  
  105  7:54  Marine x2  
  105  7:57  Marine  
  94  7:58  Marine  
  81  8:11  Marine, Marauder  
  81  8:12  Marine  
  74  8:15  Marine  
  74  8:16  Marine  
  74  8:18  Siege Tank  
  68  8:27  SCV  
  69  8:29  Marine x2  
  69  8:32  Marauder  
  69  8:33  SCV  
  75  8:38  Barracks Reactor x2  
  74  8:44  SCV  
  74  8:45  SCV  
  74  8:47  Marine  
  74  8:48  Barracks Reactor  
  76  8:49  Barracks Reactor x2  
Show
View Real Time Build Order
Export as new Build Order

HyuN Zerg - Winner!

Build Orders: Hatch First 

Get SALT Encoding   

  12  0:01  Drone  
  13  0:12  Overlord  
  13  0:17  Drone  
  14  0:32  Drone x2  
  14  0:35  Drone  
  17  0:52  Hatchery  
  17  0:54  Drone  
  17  0:57  Drone  
  18  1:08  Extractor  
  17  1:12  Spawning Pool  
  17  1:15  Drone  
  17  1:18  Drone  
  18  1:28  Drone  
  19  1:39  Overlord  
  19  1:59  Queen  
  19  2:00  Zergling x4  
  23  2:04  Zergling x2, Queen  
  23  2:07  Metabolic Boost  
  26  2:11  Drone  
  27  2:15  Drone  
  28  2:24  Drone  
  28  2:26  Overlord  
  29  2:35  Drone, Queen  
  29  2:36  Drone  
  33  2:44  Queen  
  35  2:53  Drone x2  
  35  2:55  Overlord  
  37  3:05  Drone x2  
  39  3:09  Zergling x8  
  43  3:14  Zergling x6  
  46  3:28  Overlord  
  46  3:36  Drone  
  46  3:37  Drone x2  
  46  3:41  Drone  
  50  3:45  Roach Warren  
  50  3:48  Drone x2  
  50  3:51  Drone  
  50  3:52  Hatchery  
  50  3:53  Drone  
  50  3:54  Drone  
  53  3:59  Drone  
  53  4:00  Drone x2  
  57  4:02  Drone  
  57  4:13  Overlord x2  
  57  4:17  Extractor  
  57  4:23  Drone  
  57  4:29  Roach  
  59  4:33  Roach x5  
  68  4:58  Roach x2  
  72  5:07  Zergling x16  
  80  5:21  Drone x3  
  80  5:23  Drone x2  
  80  5:24  Drone  
  80  5:25  Drone x3  
  81  5:33  Overlord x3, Extractor  
  80  5:38  Overlord x2  
  80  5:44  Evolution Chamber  
  80  5:45  Evolution Chamber  
  80  5:49  Ravager x3  
  81  5:51  Ravager x2  
  81  5:53  Drone x7  
  81  5:55  Extractor  
  81  5:56  Extractor  
  88  6:01  Drone x4  
  88  6:02  Drone x3, Extractor  
  94  6:05  Ravager  
  94  6:06  Hatchery, Drone x2  
  96  6:21  Drone  
  96  6:25  Drone x6  
  103  6:27  Drone  
  103  6:29  Lair  
  103  6:30  Drone x4  
  103  6:31  Drone x2  
  110  6:38  Overlord x2  
  110  6:39  Zerg Missile Weapons Level 1  
  110  6:51  Overlord x2  
  110  6:52  Overlord x2  
  110  6:53  Zerg Ground Armor Level 1  
  110  6:57  Spore Crawler  
  110  6:58  Roach x6  
  110  6:59  Spore Crawler  
  120  7:04  Roach x4  
  128  7:13  Drone x2  
  128  7:14  Drone  
  128  7:15  Drone x3  
  134  7:19  Queen  
  134  7:22  Roach x3  
  142  7:27  Ravager  
  142  7:28  Ravager  
  144  7:32  Overlord x2  
  144  7:33  Glial Reconstitution  
  144  7:36  Roach x7  
  158  7:41  Roach  
  158  7:42  Roach x3  
  165  7:45  Roach x3  
  165  7:49  Roach  
  170  7:53  Roach  
  170  7:56  Roach  
  170  7:57  Roach x2  
  165  8:04  Roach  
  165  8:05  Roach x6  
  168  8:10  Roach  
  156  8:13  Roach  
  156  8:14  Roach x3  
  156  8:16  Roach  
  156  8:18  Overseer x2, Roach  
  155  8:25  Spore Crawler, Roach x4  
  155  8:26  Roach  
  160  8:28  Roach  
  160  8:29  Roach  
  160  8:30  Roach  
  166  8:35  Roach  
  166  8:39  Roach x4  
  166  8:40  Roach  
  178  8:48  Roach  
  180  8:51  Roach x2  
  180  8:53  Overlord x4, Extractor  
  180  8:55  Extractor  
Tags
 
Add a new tag
Caveats
  • Supply blocks, unpowered buildings, or Contaminate may cause inaccurate times.
  • Supply counts are checked every 10 seconds.